 Dungeon Crawl Stone Soup version 0.21-a0-221-gfe971b9 (webtiles) character file.

3722 Goblin1989 the Insei (level 10, -7/78 HPs)
             Began as an Octopode Transmuter on Aug 22, 2017.
             Was a High Priest of Cheibriados.
             Mangled by a two-headed ogre
             ... wielding a +0 giant spiked club
              (16 damage)
             ... on level 8 of the Dungeon on Aug 24, 2017.
             The game lasted 00:41:23 (11914 turns).

Goblin1989 the Insei (Octopode Transmuter)         Turns: 11914, Time: 00:41:23

Health: -7/78      AC: 11    Str: 21    XL:     10   Next: 14%
Magic:  14/14      EV: 14    Int: 30    God:    Cheibriados [*****.]
Gold:   312        SH:  0    Dex: 26    Spells: 5/15 levels left

rFire    x . .     SeeInvis .     - Unarmed
rCold    + + +     Gourm    .   (shield currently unavailable)
rNeg     . . .     Faith    .   (helmet currently unavailable)
rPois    +         Spirit   .   J - amulet of magic regeneration
rElec    .         Reflect  .   o - ring of poison resistance
rCorr    .         Harm     .   N - +4 ring of protection
MR       .....                  (no ring)
Stlth    +++.......             (no ring)
HPRegen  0.23/turn              (no ring)
MPRegen  0.39/turn              (no ring)
                                (no ring)
                                (no ring)

@: ice-form, very slow
A: almost no armour, stealthy swim, amphibious, 8 rings, (constrict 8)
a: End Transformation, Bend Time, Temporal Distortion, Slouch, Step From Time,
Renounce Religion


You were on level 8 of the Dungeon.
You worshipped Cheibriados.
Cheibriados was extremely pleased with you.
You were not hungry.
You were a creature of crystalline ice.
You visited 1 branch of the dungeon, and saw 8 of its levels.
You also visited: Sewer.

You collected 451 gold pieces.
You spent 139 gold pieces at shops.

Inventory:

Hand Weapons
 a - a +4 dagger of venom
 i - a +1 hunting sling
Missiles
 j - 471 stones (quivered)
 p - 16 tomahawks
 O - 122 arrows
 Z - a throwing net {!d}
Armour
 K - a +0 shield
 P - a +0 buckler (melded)
Jewellery
 o - a ring of poison resistance (left front paw)
 J - an amulet of magic regeneration (around neck)
 N - a +4 ring of protection (right front paw)
Scrolls
 L - a scroll of fear
 M - a scroll of summoning
 T - 3 scrolls of teleportation {!r, @r3}
 W - 4 scrolls of noise {unknown}
Potions
 g - 2 potions of might
 m - 5 potions of curing {@q1}
 Q - a potion of lignification
 U - a potion of brilliance
 V - a potion of heal wounds
 X - a potion of magic
 Y - 4 potions of flight
Books
 b - a book of Changes

   Spells                             Type                      Level
   a - Beastly Appendage              Transmutation                1
   b - Sticks to Snakes               Transmutation                2
   c - Spider Form                    Transmutation/Poison         3
   d - Ice Form                       Ice/Transmutation            4
   e - Blade Hands                    Transmutation                5
Comestibles
 e - 6 bread rations {@e1}
 q - 5 royal jellies
 I - 2 fruits
 R - 5 chunks of flesh
 S - 3 meat rations {@e2}


   Skills:
 + Level 4.6 Fighting
 + Level 5.3 Dodging
 - Level 3.0 Stealth
 - Level 4.0 Shields
 * Level 7.4 Unarmed Combat
 - Level 3.0 Spellcasting
 - Level 6.0 Transmutations
 - Level 5.1 Ice Magic
 + Level 4.6 Invocations


You had 5 spell levels left.
You knew the following spells:

 Your Spells              Type           Power        Failure   Level  Hunger
a - Beastly Appendage     Tmut           #####.       1%          1    None
b - Sticks to Snakes      Tmut           #####...     1%          2    #......
c - Spider Form           Tmut/Pois      ###.......   6%          3    ##.....
d - Ice Form              Ice/Tmut       #####...     7%          4    ####...


Dungeon Overview and Level Annotations

Branches:
Dungeon (8/15)             Temple (0/1) D:7
   Lair: D:8-11

Altars:
Ashenzari
Cheibriados
Nemelex Xobeh
Trog
Wu Jian
Xom
Yredelemnul
Zin

Shops:
D:4 }[

Annotations:
D:4 Sigmund
D:6 1 runed door


Innate Abilities, Weirdness & Mutations

You cannot wear most types of armour.
You are very stealthy in the water. (Stealth+)
You are amphibious.
You can wear up to eight rings at the same time.
((You can use your tentacles to constrict eight enemies at once.))
((Your skin changes colour to match your surroundings (Stealth+).))
((Your rubbery body absorbs attacks. (AC +1, EV +1)))


Message History

No target in view!
No target in view!
No target in view!
No target in view!
No target in view!
No target in view!
No target in view!
No target in view!
No target in view!
No target in view!
No target in view!
No target in view!
No target in view!
No target in view!
No target in view!
No target in view!
No target in view!
No target in view!
No target in view!
No target in view!
You butcher the ogre corpse.
R - 6 chunks of flesh You see here a giant spiked club. x2
Eating one of 6 chunks of flesh.
You eat one of the 6 chunks of flesh.
This raw flesh tastes terrible.
You now have 299 gold pieces (gained 21).
You now have 312 gold pieces (gained 13).
Key pressed, stopping explore.
j - 446 stones (gained 19)
j - 471 stones (gained 25)
You found a shaft!
Your transformation is almost over.
Unknown command.
You warm up again.
Your +0 buckler unmelds from your body.
A centaur comes into view.
You now have 65/65 hp.
A centaur is nearby!
Unknown command.
Casting: Ice Form
Confirm with . or Enter, or press ? or * to list all spells.
You turn into a creature of crystalline ice.
Your +0 buckler melds into your body.
You now have 78/78 hp.
Unknown command.
The centaur shouts!
The centaur wields a shortbow.
The centaur shoots an arrow.
The arrow completely misses you.
The centaur shoots an arrow.
The arrow hits you.
You see here an arrow.
You take 3 damage, and have 75/78 hp.
A sky beast and a two-headed ogre come into view.
The centaur shoots an arrow.
The arrow misses you.
The centaur shoots an arrow.
The arrow hits you!
You see here 2 arrows.
The centaur shoots an arrow.
The arrow misses you.
The centaur shoots an arrow.
The arrow closely misses you.
A crimson imp comes into view.
The crimson imp shouts!
The centaur unwields an uncursed shortbow.
The centaur hits you.
The two-headed ogre hits you with a giant spiked club!
The two-headed ogre hits you with a giant club!
The centaur hits you but does no damage.
You are too injured to fight recklessly!
You are too injured to fight recklessly!
You are too injured to fight recklessly!
You are too injured to fight recklessly!
You are too injured to fight recklessly!
You are too injured to fight recklessly!
You are too injured to fight recklessly!
You are too injured to fight recklessly!
You are too injured to fight recklessly!
You take 37 damage, and have 38/78 hp.
MASSIVE DAMAGE!!
You regained 2 mp, and now have 13/14 mp.
You are too injured to fight recklessly!
You are too injured to fight recklessly!
You are too injured to fight recklessly!
You are too injured to fight recklessly!
You are too injured to fight recklessly!
You are too injured to fight recklessly!
You are too injured to fight recklessly!
Unknown command.
The centaur wields an uncursed shortbow.
The centaur shoots an arrow.
The arrow hits you.
* * * LOW HITPOINT WARNING * * *
The two-headed ogre hits you but does no damage.
The two-headed ogre completely misses you.
You see here an arrow.
You take 5 damage, and have 33/78 hp.
MP restored: 14 You hit the two-headed ogre.
You freeze the two-headed ogre.
The two-headed ogre is lightly wounded.
The crimson imp blinks!
You punch the two-headed ogre! You freeze the two-headed ogre.
The two-headed ogre is moderately wounded.
The two-headed ogre hits you with a giant spiked club!!
* * * LOW HITPOINT WARNING * * *
The two-headed ogre hits you with a giant club!
You die...

██████...█..██.█?█...........█
█.████.██.█.█████.█████.. █.█
█.██.█.█ █.█...█ █.█ █......█
█.█.█.███ █.█ ████...█
█.█▲█...█ ^.█.█████...█
█.......█ ..█.........█
█.......█


█▲█████████(█ █....<..█ .....§cOY(((█ █.█∆█∆█.█ ......Y████.(█ █.█.█.█.█ .......
██▲█ █.█.█...█ █..$... █.█.█████ █.....: █.█.█ █...... █.█.█ █...... █.█.█
███████ █.█ █.█ You could see a two-headed ogre, a sky beast and a centaur.

Vanquished Creatures
  Pikel (D:6)
  The ghost of p0werm0de the Digger, an amateur DgWn (D:6)
  2 sky beasts
  A phantom (D:5)
  6 ogres
  2 centaurs (D:5)
  2 bullfrogs (D:6)
  7 big kobolds
  Blork the orc (D:6)
  A gnoll sergeant (D:7)
  2 howler monkeys (D:7)
  A bullfrog zombie (D:6)
  2 jellies (D:5)
  2 crimson imps (D:5)
  6 hounds
  6 orc priests
  4 orc wizards
  Natasha (twice) (D:3)
  3 iguanas
  7 worker ants
  A killer bee zombie (D:6)
  A hound zombie (D:7)
  9 gnolls
  9 adders
  2 shadow imps
  5 oozes
  2 adder skeletons
  6 worms
  3 dart slugs
  8 leopard geckos
  22 orcs
  2 ball pythons
  12 bats
  6 giant cockroaches
  7 goblins
  12 hobgoblins
  6 jackals
  47 kobolds
  3 quokkas
  3 frilled lizards
  A jackal skeleton (D:4)
  A leopard gecko zombie (D:5)
  11 rats
238 creatures vanquished.

Vanquished Creatures (collateral kills)
  Edmund (D:4)
1 creature vanquished.

Vanquished Creatures (others)
  A wizard (D:3)
  3 slaves (D:6)
  A crimson imp (D:6)
  An orc wizard (D:6)
6 creatures vanquished.

Grand Total: 245 creatures vanquished

Notes
Turn   | Place    | Note
-------+----------+-------------------------------------------
     0 | D:1      | Goblin1989 the Octopode Transmuter began the quest for the Orb.
     0 | D:1      | Reached XP level 1. HP: 13/13 MP: 3/3
   173 | D:1      | Reached XP level 2. HP: 13/18 MP: 5/5
   499 | D:1      | Reached skill level 1 in Stealth
   966 | D:1      | Learned a level 2 spell: Sticks to Snakes
  1004 | D:1      | Reached XP level 3. HP: 13/23 MP: 6/6
  1422 | D:2      | Upgraded the game from 0.21-a0-215-g0631661 to 0.21-a0-221-gfe971b9
  2028 | D:2      | Reached XP level 4. HP: 20/28 MP: 7/7
  2670 | D:2      | Found a sparkling altar of Nemelex Xobeh.
  2924 | D:3      | Reached XP level 5. HP: 26/33 MP: 6/8
  3084 | D:2      | Learned a level 3 spell: Spider Form
  3289 | D:3      | Found a bloodstained altar of Trog.
  3290 | D:3      | Noticed a wizard
  3296 | D:3      | Killed a wizard
  3527 | D:3      | Found an ornate altar of the Wu Jian Council.
  3529 | D:3      | Reached skill level 4 in Unarmed Combat
  3535 | D:3      | Found a snail-covered altar of Cheibriados.
  3566 | D:3      | Found a shattered altar of Ashenzari.
  3568 | D:3      | Found a basalt altar of Yredelemnul.
  3571 | D:3      | Became a worshipper of Cheibriados the Contemplative
  3606 | D:3      | Found a glowing silver altar of Zin.
  3622 | D:3      | Reached XP level 6. HP: 39/39 MP: 9/9
  4031 | D:3      | Noticed Natasha
  4043 | D:3      | Killed Natasha
  4210 | D:3      | Found a shimmering altar of Xom.
  4212 | D:3      | Found a sparkling altar of Nemelex Xobeh.
  4334 | D:3      | Noticed Natasha
  4355 | D:3      | Killed Natasha
  4378 | D:3      | Reached * piety under Cheibriados
  4602 | D:4      | Found Pirript's Gadget Shop.
  4629 | D:4      | Found a glowing drain.
  4659 | Sewer    | Entered a sewer
  4819 | Sewer    | Reached XP level 7. HP: 35/45 MP: 10/10
  4993 | Sewer    | Found a white marble altar of Elyvilon.
  5203 | D:4      | Reached skill level 5 in Unarmed Combat
  5203 | D:4      | Reached skill level 1 in Invocations
  5529 | D:4      | Found Vaogelao's Antique Armour Shoppe.
  5534 | D:4      | Bought a buckler for 139 gold pieces
  5544 | D:4      | Learned a level 4 spell: Ice Form
  5558 | D:4      | Reached ** piety under Cheibriados
  5706 | D:4      | Noticed Sigmund
  6244 | D:4      | Reached skill level 5 in Transmutations
  6391 | D:4      | Reached skill level 1 in Ice Magic
  6562 | D:4      | Noticed Edmund
  6595 | D:4      | Killed Edmund
  6595 | D:4      | Reached XP level 8. HP: 25/51 MP: 4/12
  7025 | D:5      | Entered Level 5 of the Dungeon
  7258 | D:5      | Reached skill level 1 in Shields
  7675 | D:5      | Reached *** piety under Cheibriados
  8262 | D:6      | Noticed Blork the orc
  8271 | D:6      | Killed Blork the orc
  8420 | D:6      | Noticed p0werm0de's ghost (amateur DgWn)
  8738 | D:5      | Reached **** piety under Cheibriados
  8751 | D:5      | Reached XP level 9. HP: 57/57 MP: 11/13
  9067 | D:5      | Reached skill level 6 in Unarmed Combat
  9093 | D:5      | Reached ***** piety under Cheibriados
 10079 | D:6      | Killed p0werm0de's ghost
 10105 | D:6      | Noticed Pikel
 10111 | D:6      | Killed Pikel
 10111 | D:6      | Reached skill level 5 in Dodging
 10111 | D:6      | Reached skill level 5 in Ice Magic
 10137 | D:6      | Reached skill level 7 in Unarmed Combat
 10217 | D:6      | Reached XP level 10. HP: 60/65 MP: 14/14
 10318 | D:6      | Found a runed door.
 10688 | D:7      | Found a staircase to the Ecumenical Temple.
 11909 | D:8      | Noticed a two-headed ogre
 11914 | D:8      | Mangled by a two-headed ogre

Vault maps used:
D:1:      ncdulo_wetmaze
D:2:      serial_glass, glass_columns_a, glass_columns_a,
          nemelex_dance_club_becter
D:3:      minitemple, trog_wizard, uniq_natasha
D:4:      first_bread, cheibrodos_sewer_entry_drain, serial_shops,
          kennysheep_mini, kennysheep_little_box, kennysheep_boxes, uniq_edmund,
          uniq_sigmund
D:5:      minmay_goblin_kobold_castle
D:6:      minivault_22, uniq_crazy_yiuf_cottage, uniq_pikel, uniq_blork_the_orc
D:7:      temple_pool_b, grunt_ministairs_2
Sewer:    sewer_kobolds

Skill      XL: |  1  2  3  4  5  6  7  8  9 10 |
---------------+-------------------------------+-----
Stealth        | 1 2 3 |  3.0
Transmutations | 3 4 5 6 |  6.0
Unarmed Combat | 4 5 7 |  7.4
Fighting       | 2 3 4 |  4.6
Dodging        | 3 4 5 |  5.3
Invocations    | 2 3 4 |  4.6
Ice Magic      | 1 3 5 |  5.1
Shields        | 1 3 4 |  4.0
Spellcasting   | 3 |  3.0

Action                   |  1- 3 |  4- 6 |  7- 9 | 10-12 || total
-------------------------+-------+-------+-------+-------++-------
Melee: Unarmed           |    88 |   158 |   302 |    37 ||   585
       Constrict         |    18 |    50 |    49 |    10 ||   127
       Tentacles         |    11 |    29 |    74 |    12 ||   126
       Kick              |     2 |    22 |    19 |     2 ||    45
       Punch             |     1 |    10 |    14 |     2 ||    27
       Dagger            |       |       |    11 |       ||    11
 Cast: Beastly Appendage |     6 |    14 |    10 |     1 ||    31
       Sticks to Snakes  |     2 |     5 |    12 |       ||    19
       Ice Form          |       |       |     6 |     5 ||    11
       Spider Form       |       |       |     3 |       ||     3
 Abil: End Transformatio |       |       |     1 |       ||     1
  Use: Scroll            |     6 |     5 |     4 |     4 ||    19
       Potion            |       |       |     2 |       ||     2
 Stab: Sleeping          |     6 |     1 |     7 |     2 ||    16
       Distracted        |       |       |     4 |       ||     4
  Eat: Chunk             |     4 |     9 |     9 |     4 ||    26
Armor: Skin              |     8 |     4 |    51 |     5 ||    68
Dodge: Dodged            |    58 |    94 |   228 |    27 ||   407
Block: Buckler           |       |       |    44 |     6 ||    50

Table legend:
 A = Spawn XP
 B = Non-spawn XP
 C = Spawn XP percentage of total XP
 D = Spawn monster count
 E = Non-spawn monster count
 F = Spawn count percentage of total count
 G = Total turns spent on level
                    A         B        C        D         E        F      G
               +---------+---------+-------+---------+---------+-------+---------
         Total |    1319 |    3999 |  24.8 |      55 |     184 |  23.0 | 11914
               +---------+---------+-------+---------+---------+-------+---------
           D:1 |       4 |      37 |   9.8 |       1 |      20 |   4.8 |  1531
           D:2 |      14 |      90 |  13.5 |       5 |      23 |  17.9 |  1560
           D:3 |      61 |     268 |  18.5 |      11 |      25 |  30.6 |  1563
           D:4 |     286 |     487 |  37.0 |      14 |      16 |  46.7 |  2106
           D:5 |     304 |    1375 |  18.1 |      13 |      62 |  17.3 |  2209
           D:6 |     515 |    1134 |  31.2 |       9 |      14 |  39.1 |  1280
           D:7 |     135 |     332 |  28.9 |       2 |      10 |  16.7 |  1078
           D:8 |       0 |     170 |   0.0 |       0 |       3 |   0.0 |   217
         Sewer |       0 |     106 |   0.0 |       0 |      11 |   0.0 |   370
               +---------+---------+-------+---------+---------+-------+---------

Vault maps used:
D:1:      ncdulo_wetmaze
D:2:      serial_glass, glass_columns_a, glass_columns_a,
          nemelex_dance_club_becter
D:3:      minitemple, trog_wizard, uniq_natasha
D:4:      first_bread, cheibrodos_sewer_entry_drain, serial_shops,
          kennysheep_mini, kennysheep_little_box, kennysheep_boxes, uniq_edmund,
          uniq_sigmund
D:5:      minmay_goblin_kobold_castle
D:6:      minivault_22, uniq_crazy_yiuf_cottage, uniq_pikel, uniq_blork_the_orc
D:7:      temple_pool_b, grunt_ministairs_2
Sewer:    sewer_kobolds
